[Event "ICC tourney 2289 (45 10)"]
[Site "Internet Chess Club"]
[Date "2021.01.09"]
[Round "3"]
[White "soreairplane"]
[Black "kartsicc"]
[Result "1-0"]
[ICCResult "Black checkmated"]
[WhiteElo "1140"]
[BlackElo "988"]
[Opening "Sicilian: Alapin's variation (2.c3)"]
[ECO "B22"]
[NIC "SI.46"]
[Time "17:01:11"]
[PlyCount "133"]
[TimeControl "2700+10"]

1. e4 c5 2. c3 d6 3. d4 cxd4 4. cxd4 Nf6 5. Nc3 g6 6. Nf3 Bg7 7. Bc4 a6 8.
Bf4 Nxe4 9. Nxe4 d5 10. Bd3 dxe4 11. Bxe4 Nc6 12. Bxc6+ bxc6 13. h3 O-O 14.
O-O Qb6 15. Qd2 Rd8 16. Rad1 c5 17. dxc5 Rxd2 18. cxb6 Rxb2 19. Rb1 Bb7 20.
Rxb2 Bxb2 21. Rb1 Bg7 22. Rd1 Kf8 23. Rd7 Bc6 24. b7 Re8 25. Rc7 Bd5 26.
Ne5 Bxe5 27. Bxe5 f6 28. Bd4 Bxb7 29. Rxb7 Rd8 30. Bc5 Rd1+ 31. Kh2 Re1 32.
Ra7 Re5 33. Bb4 Re4 34. a3 Re6 35. Kg3 Kf7 36. f4 f5 37. Kh4 h6 38. Kg3 Kf8
39. Kf3 Kf7 40. g4 fxg4+ 41. hxg4 Kf6 42. Bxe7+ Rxe7 43. Rxa6+ Re6 44.
Rxe6+ Kxe6 45. Ke4 h5 46. gxh5 gxh5 47. a4 h4 48. a5 h3 49. Kf3 Kd6 50. f5
Ke5 51. a6 Kxf5 52. a7 h2 53. Kg2 Ke6 54. a8=Q h1=Q+ 55. Kxh1 Ke5 56. Qa4
Kd5 57. Kg2 Ke5 58. Kf3 Kf5 59. Qb5+ Ke6 60. Ke4 Kf6 61. Qf5+ Ke7 62. Qg6
Kd7 63. Kd5 Kc7 64. Qc6+ Kd8 65. Qb7 Ke8 66. Ke6 Kf8 67. Qf7# { Black
checkmated } 1-0

[Event "ICC tourney 2289 (45 10)"]
[Site "Internet Chess Club"]
[Date "2021.01.09"]
[Round "3"]
[White "chessfidebullet"]
[Black "srijanim"]
[Result "0-1"]
[ICCResult "White checkmated"]
[WhiteElo "1204"]
[BlackElo "611"]
[Opening "French: advance, Paulsen attack"]
[ECO "C02"]
[NIC "FR.03"]
[Time "17:01:19"]
[PlyCount "132"]
[TimeControl "2700+10"]

1. e4 e6 2. d4 d5 3. e5 c5 4. Nf3 Nc6 5. c3 Nge7 6. Na3 Ng6 7. Bg5 Qb6 8.
Bb5 Be7 9. c4 cxd4 10. Bxe7 Nxe7 11. O-O dxc4 12. Nxc4 Qc5 13. Nxd4 O-O 14.
Bxc6 Nxc6 15. Nxc6 Qxc6 16. Rc1 Qe4 17. Re1 Qg6 18. Qf3 Rb8 19. Qf4 Bd7 20.
Nd6 Bc6 21. f3 a5 22. Nc4 a4 23. Nb6 Rfd8 24. Nxa4 Ra8 25. Nc3 b5 26. Ne2
Ra4 27. Rxc6 Rxf4 28. Nxf4 Qf5 29. Re4 h5 30. Rd6 Rxd6 31. exd6 Qc5+ 32.
Kf1 Qxd6 33. Ke2 f5 34. Rxe6 Qxf4 35. Rb6 Qc4+ 36. Ke1 Qxa2 37. Rxb5 Qb1+
38. Kd2 Qf1 39. Rxf5 Qxg2+ 40. Ke3 Qxb2 41. Rxh5 Qc3+ 42. Kf4 Qd4+ 43. Kg3
Qf6 44. Kg4 g6 45. Rg5 Kg7 46. f4 Kh6 47. h4 Qe6+ 48. Kg3 Qa2 49. f5 gxf5
50. Rxf5 Qb3+ 51. Kg4 Qc4+ 52. Rf4 Qe6+ 53. Rf5 Kg6 54. h5+ Kh6 55. Kf4
Qc4+ 56. Kg3 Qd3+ 57. Kg4 Kg7 58. Rg5+ Kh6 59. Rf5 Qd1+ 60. Kh4 Kg7 61.
Rg5+ Kf6 62. Rg6+ Kf5 63. Rg5+ Kf4 64. Rg3 Qe1 65. h6 Qxg3+ 66. Kh5 Qg5# {
White checkmated } 0-1

[Event "ICC tourney 2289 (45 10)"]
[Site "Internet Chess Club"]
[Date "2021.01.09"]
[Round "3"]
[White "oxdidi"]
[Black "Sreshthaj"]
[Result "0-1"]
[ICCResult "White resigns"]
[WhiteElo "959"]
[BlackElo "1110"]
[Opening "Sicilian"]
[ECO "B50"]
[NIC "SI.01"]
[Time "17:01:15"]
[PlyCount "100"]
[TimeControl "2700+10"]

1. e4 c5 2. Nf3 d6 3. Bc4 Nf6 4. d3 Nc6 5. c3 e6 6. Nbd2 Be7 7. O-O O-O 8.
Re1 a6 9. Nf1 b5 10. Bb3 d5 11. exd5 exd5 12. h3 h6 13. Ng3 Be6 14. Bf4 a5
15. Qd2 Bd6 16. Bxd6 Qxd6 17. a4 b4 18. Rac1 Rac8 19. Bc2 Rfe8 20. Nh4 Kh8
21. Ngf5 Bxf5 22. Nxf5 Qd7 23. Nxh6 Ne5 24. d4 Nc4 25. Qf4 Qc6 26. Nxf7+
Kg8 27. Ng5 Nxb2 28. cxb4 axb4 29. dxc5 Rxe1+ 30. Rxe1 Qxc5 31. Bb3 Nd3 32.
Qe3 Nxe1 33. Qxe1 Kh8 34. Qd2 d4 35. Nf7+ Kh7 36. Ng5+ Kg6 37. Bf7+ Kf5 38.
g4+ Ke5 39. Qe2+ Kd6 40. Qe6+ Kc7 41. Qe1 Kb8 42. f3 d3+ 43. Kh1 Qc1 44.
Qg1 Qxg1+ 45. Kxg1 d2 46. Bb3 Rc3 47. Bd1 Rc1 48. Kf2 Rxd1 49. Ke2 b3 50.
Kxd1 b2 { White resigns } 0-1

[Event "ICC tourney 2289 (45 10)"]
[Site "Internet Chess Club"]
[Date "2021.01.09"]
[Round "4"]
[White "srihassm"]
[Black "srijanim"]
[Result "0-1"]
[ICCResult "White checkmated"]
[WhiteElo "590"]
[BlackElo "611"]
[Opening "French: exchange variation"]
[ECO "C01"]
[NIC "FR.01"]
[Time "19:32:33"]
[PlyCount "48"]
[TimeControl "2700+10"]

1. e4 e6 2. d4 d5 3. exd5 exd5 4. Nf3 Nf6 5. c4 Bb4+ 6. Nc3 O-O 7. cxd5
Nxd5 8. Bd2 Bxc3 9. bxc3 Re8+ 10. Be2 Bg4 11. O-O Bxf3 12. Bxf3 Nc6 13. Qb3
Nb6 14. Bxc6 bxc6 15. Rfe1 Qd6 16. Qc2 Nc4 17. Bg5 c5 18. dxc5 Qxc5 19. Re4
Na3 20. Rxe8+ Rxe8 21. Qa4 c6 22. Be3 Qxc3 23. Rc1 Qxc1+ 24. Bxc1 Re1# {
White checkmated } 0-1

[Event "ICC tourney 2289 (45 10)"]
[Site "Internet Chess Club"]
[Date "2021.01.09"]
[Round "4"]
[White "Harithaananth"]
[Black "joefiler"]
[Result "1-0"]
[ICCResult "Black checkmated"]
[WhiteElo "1087"]
[BlackElo "654"]
[Opening "Four knights: Spanish variation"]
[ECO "C48"]
[NIC "KP.03"]
[Time "19:32:26"]
[PlyCount "113"]
[TimeControl "2700+10"]

1. e4 e5 2. Nf3 Nf6 3. Nc3 Nc6 4. Bb5 Ne7 5. d3 c6 6. Bc4 d5 7. exd5 cxd5
8. Bb5+ Nc6 9. Bxc6+ bxc6 10. h3 Bb7 11. Bg5 Be7 12. Nxe5 O-O 13. O-O h6
14. Bxf6 Bxf6 15. Nf3 a5 16. d4 Re8 17. Re1 Qd6 18. Qd2 Re6 19. Rxe6 fxe6
20. Rb1 Rf8 21. a3 e5 22. dxe5 Bxe5 23. Nxe5 Qxe5 24. Re1 Qf5 25. Qe2 Ba6
26. Qe6+ Qxe6 27. Rxe6 d4 28. Rxc6 Bb7 29. Rb6 Bc8 30. Nb5 Bd7 31. Nxd4 Re8
32. Kh2 Kf7 33. Nf5 Bxf5 34. c3 Re2 35. Kg3 h5 36. Rb5 g6 37. Kf3 Rc2 38.
Rxa5 Rxb2 39. c4 Rb3+ 40. Ke2 Bd3+ 41. Kd2 Bxc4 42. Ra7+ Kf6 43. Rc7 Be6
44. a4 Rb2+ 45. Ke3 Ra2 46. Ra7 Bb3 47. Ra6+ Kf7 48. a5 Ra3 49. Ra7+ Kf6
50. Ra6+ Kf7 51. Kf4 Ra4+ 52. Kg5 Bc2 53. Ra7+ Kf8 54. a6 Ra5+ 55. Kf6 Bf5
56. Ra8+ Bc8 57. Rxc8# { Black checkmated } 1-0

[Event "ICC tourney 2289 (45 10)"]
[Site "Internet Chess Club"]
[Date "2021.01.09"]
[Round "4"]
[White "Sreshthaj"]
[Black "avbhosale"]
[Result "1-0"]
[ICCResult "Black checkmated"]
[WhiteElo "1110"]
[BlackElo "462"]
[Opening "French: advance variation"]
[ECO "C02"]
[NIC "FR.03"]
[Time "19:32:34"]
[PlyCount "57"]
[TimeControl "2700+10"]

1. d4 e6 2. e4 d5 3. e5 Ne7 4. Nf3 Nf5 5. Bf4 c5 6. c3 Nc6 7. a3 Qb6 8. b3
cxd4 9. cxd4 Ncxd4 10. Nxd4 Nxd4 11. Be3 Bc5 12. b4 Nc2+ 13. Qxc2 Bxe3 14.
fxe3 Qxe3+ 15. Qe2 Qd4 16. Ra2 Bd7 17. Nd2 Rc8 18. Qd1 Qxe5+ 19. Be2 d4 20.
O-O Bc6 21. Nf3 Qd5 22. Rb2 O-O 23. Bd3 e5 24. Re1 Rfe8 25. Be4 Qe6 26. Ng5
Qc4 27. Bxh7+ Kh8 28. Qh5 Qc3 29. Nxf7# { Black checkmated } 1-0

[Event "ICC tourney 2289 (45 10)"]
[Site "Internet Chess Club"]
[Date "2021.01.09"]
[Round "4"]
[White "EthanDember"]
[Black "DevajVadher"]
[Result "0-1"]
[ICCResult "White resigns"]
[WhiteElo "1030"]
[BlackElo "826"]
[Opening "Caro-Kann defense"]
[ECO "B10"]
[NIC "CK.01"]
[Time "19:32:23"]
[PlyCount "82"]
[TimeControl "2700+10"]

1. e4 c6 2. Nf3 d5 3. e5 Bf5 4. d4 e6 5. c3 c5 6. Bb5+ Nc6 7. O-O a6 8. Bd3
Bxd3 9. Qxd3 c4 10. Qc2 Nge7 11. Bg5 h6 12. Bxe7 Bxe7 13. Nbd2 O-O 14. b3
b5 15. b4 a5 16. a3 axb4 17. axb4 Rxa1 18. Rxa1 Qb6 19. Qb2 f6 20. h3 fxe5
21. dxe5 Bg5 22. Nxg5 Qxf2+ 23. Kh1 hxg5 24. Rf1 Qe3 25. Rxf8+ Kxf8 26. Nf3
Nxe5 27. Nxe5 Qxe5 28. Qf2+ Qf6 29. Qc5+ Kf7 30. Qxb5 Qxc3 31. Qd7+ Kf6 32.
Qd8+ Kf5 33. g4+ Ke4 34. Qxg5 Qxh3+ 35. Kg1 Qe3+ 36. Qxe3+ Kxe3 37. b5 c3
38. b6 c2 39. b7 c1=Q+ 40. Kg2 Qb2+ 41. Kh3 Qxb7 { White resigns } 0-1

[Event "ICC tourney 2289 (45 10)"]
[Site "Internet Chess Club"]
[Date "2021.01.09"]
[Round "4"]
[White "aiden004"]
[Black "oxdidi"]
[Result "0-1"]
[ICCResult "White checkmated"]
[WhiteElo "1210"]
[BlackElo "959"]
[Opening "Ruy Lopez: four knights (Tarrasch) variation"]
[ECO "C77"]
[NIC "RL.12"]
[Time "19:32:23"]
[PlyCount "38"]
[TimeControl "2700+10"]

1. e4 e5 2. Nf3 Nc6 3. Bb5 a6 4. Ba4 Nf6 5. Nc3 b5 6. Bb3 Bc5 7. d3 Bb7 8.
O-O O-O 9. Qe2 Qe7 10. Bg5 h6 11. Bh4 Qd6 12. h3 Nh5 13. Nd5 a5 14. a3 a4
15. Ba2 Nf4 16. Nxf4 exf4 17. e5 Qg6 18. Bb1 Nd4 19. Nxd4 Qxg2# { White
checkmated } 0-1

[Event "ICC tourney 2289 (45 10)"]
[Site "Internet Chess Club"]
[Date "2021.01.09"]
[Round "4"]
[White "salamenceg"]
[Black "soreairplane"]
[Result "0-1"]
[ICCResult "White checkmated"]
[WhiteElo "1080"]
[BlackElo "1140"]
[Opening "Sicilian: Labourdonnais-Löwenthal (Kalashnikov) variation"]
[ECO "B32"]
[NIC "SI.32"]
[Time "19:32:23"]
[PlyCount "64"]
[TimeControl "2700+10"]

1. e4 c5 2. Nf3 Nc6 3. d4 cxd4 4. Nxd4 e5 5. Nb5 d6 6. N1c3 a6 7. Na3 Nf6
8. Bg5 Be7 9. Bc4 b5 10. Naxb5 axb5 11. Bxb5 Bd7 12. Bxf6 gxf6 13. Qh5 Nd4
14. Bc4 Be6 15. Bxe6 Nxe6 16. g3 Nd4 17. O-O-O Qc7 18. f4 Rxa2 19. Kb1 Ra8
20. fxe5 dxe5 21. Kc1 Ra1+ 22. Kd2 Rxd1+ 23. Rxd1 Bb4 24. Rf1 Qc6 25. Qh4
Qa6 26. Rf2 Ke7 27. Ke3 Bxc3 28. bxc3 Nb5 29. c4 Qa3+ 30. Kd2 Qc3+ 31. Kd1
Rd8+ 32. Kc1 Qa1# { White checkmated } 0-1

[Event "ICC tourney 2289 (45 10)"]
[Site "Internet Chess Club"]
[Date "2021.01.09"]
[Round "4"]
[White "ruthvikal"]
[Black "chessfidebullet"]
[Result "1-0"]
[ICCResult "Black checkmated"]
[WhiteElo "197"]
[BlackElo "1204"]
[Opening "Philidor's defense"]
[ECO "C41"]
[NIC "KP.10"]
[Time "19:32:29"]
[PlyCount "83"]
[TimeControl "2700+10"]

1. e4 e5 2. Nf3 d6 3. Bc4 Bg4 4. O-O Nd7 5. Nc3 Ngf6 6. d3 Be7 7. Re1 O-O
8. a3 c6 9. h3 Bh5 10. b4 a5 11. b5 Nb6 12. bxc6 d5 13. cxb7 Ra7 14. exd5
Nxc4 15. dxc4 Re8 16. Rxe5 Qc7 17. Bf4 Rxb7 18. Qd3 Bg6 19. Qe3 Qxc4 20. d6
Bxd6 21. Rxe8+ Nxe8 22. Qxe8+ Bf8 23. Bd6 h6 24. Qxf8+ Kh7 25. g4 Qxc3 26.
Be5 Qxa1+ 27. Bxa1 Rb1+ 28. Kg2 Rxa1 29. Nh4 Bxc2 30. Qxf7 Be4+ 31. Kg3
Rxa3+ 32. Kf4 Ra4 33. Kg3 Ra3+ 34. f3 h5 35. Qxh5+ Kg8 36. Qe8+ Kh7 37.
Qxe4+ Kg8 38. Nf5 g5 39. Nh6+ Kg7 40. Nf5+ Kh7 41. Qe7+ Kh8 42. Qg7# {
Black checkmated } 1-0

[Event "ICC tourney 2289 (45 10)"]
[Site "Internet Chess Club"]
[Date "2021.01.09"]
[Round "4"]
[White "catcity"]
[Black "Nikunjmore"]
[Result "1-0"]
[ICCResult "Black checkmated"]
[WhiteElo "1239"]
[BlackElo "672"]
[Opening "French: exchange variation"]
[ECO "C01"]
[NIC "FR.01"]
[Time "19:32:36"]
[PlyCount "137"]
[TimeControl "2700+10"]

1. e4 e6 2. d4 d5 3. exd5 exd5 4. Nf3 Nf6 5. h3 Be6 6. Nc3 Bb4 7. Bg5 O-O
8. Bd3 h6 9. Bh4 Bxc3+ 10. bxc3 Nbd7 11. Ne5 Qe8 12. Rb1 b6 13. Bb5 a6 14.
Bc6 Rb8 15. O-O Qc8 16. Bxd7 Nxd7 17. Nc6 Qb7 18. Nxb8 Rxb8 19. Qf3 c5 20.
Rfe1 Qc6 21. Be7 cxd4 22. cxd4 Nf8 23. Qg3 Rb7 24. Bf6 Ng6 25. Be5 Qxc2 26.
Qb3 Qxb3 27. Rxb3 b5 28. Ra3 Bc8 29. Rxa6 Re7 30. Ra8 Re8 31. Kf1 Kh7 32.
Rc1 Bd7 33. Rxe8 Bxe8 34. Rc8 Bd7 35. Rc5 Nxe5 36. dxe5 Bf5 37. Rxd5 b4 38.
Ke1 Kg6 39. Rb5 Be4 40. f3 Bb1 41. Ra5 f6 42. exf6 gxf6 43. Kd2 f5 44. g4
Kg5 45. Kc1 Bxa2 46. Rxa2 fxg4 47. hxg4 Kf4 48. Ra6 Kxf3 49. Rxh6 Kxg4 50.
Rb6 Kf5 51. Rxb4 Ke5 52. Kd2 Kd5 53. Kc3 Kc5 54. Kb3 Kc6 55. Kc4 Kd6 56.
Rb5 Kc6 57. Kb4 Kd6 58. Rc5 Kd7 59. Kb5 Kd6 60. Kb6 Kd7 61. Rc6 Kd8 62. Rc7
Ke8 63. Kc6 Kf8 64. Kd6 Kg8 65. Ke6 Kf8 66. Rd7 Kg8 67. Kf6 Kh8 68. Kg6 Kg8
69. Rd8# { Black checkmated } 1-0

[Event "ICC tourney 2289 (45 10)"]
[Site "Internet Chess Club"]
[Date "2021.01.09"]
[Round "4"]
[White "Douglas1"]
[Black "BlueDuck"]
[Result "0-1"]
[ICCResult "White resigns"]
[WhiteElo "876"]
[BlackElo "980"]
[Opening "Sicilian: Canal-Sokolsky attack, 3...Bd7"]
[ECO "B52"]
[NIC "SI.01"]
[Time "19:32:27"]
[PlyCount "146"]
[TimeControl "2700+10"]

1. e4 c5 2. Nf3 d6 3. Bb5+ Bd7 4. Bxd7+ Nxd7 5. O-O g6 6. c3 Bg7 7. d4 cxd4
8. cxd4 Ngf6 9. Nc3 O-O 10. Be3 Rc8 11. Rc1 a6 12. Qb3 Qb6 13. Qxb6 Nxb6
14. e5 Ng4 15. exd6 Nxe3 16. fxe3 exd6 17. Ne4 Rfd8 18. Rxc8 Nxc8 19. Nfg5
Rd7 20. Nf3 Ne7 21. Rc1 Nc6 22. a3 h6 23. Nfd2 Ne7 24. Nc4 d5 25. Nb6 Rd8
26. Ng3 Nc6 27. Ne2 g5 28. Rc5 Ne7 29. Rc7 Nf5 30. Rxb7 Nxe3 31. Rd7 Rxd7
32. Nxd7 Nc4 33. b3 Nxa3 34. Nc5 a5 35. Nb7 Nc2 36. Nxa5 Nxd4 37. Nxd4
Bxd4+ 38. Kf1 Kg7 39. Nc6 Bb6 40. Ne7 d4 41. Ke2 Bc5 42. Kd3 Bxe7 43. Kxd4
Kf6 44. Ke4 Ke6 45. g4 Bd6 46. h3 f6 47. Kd4 Be5+ 48. Ke4 h5 49. gxh5 f5+
50. Kf3 Kf6 51. b4 Kg7 52. b5 Kh6 53. b6 Kxh5 54. b7 Kh4 55. Kg2 g4 56.
hxg4 Kxg4 57. Kf2 Bb8 58. Kg2 Kf4 59. Kf2 Ke4 60. Ke2 f4 61. Kf2 Kd5 62.
Kf3 Kc6 63. Kf2 Kxb7 64. Kf3 Kc6 65. Kf2 Kd5 66. Kf3 Kd4 67. Kf2 Ke4 68.
Ke2 f3+ 69. Kf2 Ba7+ 70. Kf1 Kd3 71. Ke1 f2+ 72. Kf1 Ke3 73. Kg2 Ke2 {
White resigns } 0-1

[Event "ICC tourney 2289 (45 10)"]
[Site "Internet Chess Club"]
[Date "2021.01.09"]
[Round "4"]
[White "amka03"]
[Black "kartsicc"]
[Result "0-1"]
[ICCResult "White checkmated"]
[WhiteElo "1061"]
[BlackElo "988"]
[Opening "Sicilian: dragon variation"]
[ECO "B70"]
[NIC "SI.15"]
[Time "19:32:26"]
[PlyCount "84"]
[TimeControl "2700+10"]

1. e4 c5 2. Nf3 d6 3. d4 cxd4 4. Nxd4 Nf6 5. Nc3 g6 6. Bc4 Bg7 7. f3 a6 8.
Be3 b5 9. Bb3 Nbd7 10. Qd2 Bb7 11. O-O-O b4 12. Na4 a5 13. Ne2 O-O 14. c3
bxc3 15. Naxc3 Rc8 16. g4 Nc5 17. Bc2 Qd7 18. h4 h5 19. g5 Nh7 20. Kb1 Ba6
21. Rh2 Qb7 22. Bxc5 Rxc5 23. Bd3 Bxd3+ 24. Qxd3 Rb8 25. Rd2 Qc6 26. Rc2 a4
27. a3 Rb3 28. Nd4 Bxd4 29. Qxd4 Rc4 30. Qd2 Qb6 31. Rg2 Rxa3 32. Nd5 Rxc2
33. Qxc2 Qb5 34. Nxe7+ Kf8 35. Nc6 Qf1+ 36. Qc1 Ra1+ 37. Kxa1 Qxc1+ 38. Ka2
Qc4+ 39. Kb1 Qf1+ 40. Ka2 Qxg2 41. Ka3 Qc2 42. Nb4 Qb3# { White checkmated
} 0-1

[Event "ICC tourney 2289 (45 10)"]
[Site "Internet Chess Club"]
[Date "2021.01.09"]
[Round "4"]
[White "VN10"]
[Black "notarnav"]
[Result "1-0"]
[ICCResult "Black checkmated"]
[WhiteElo "948"]
[BlackElo "1192"]
[Opening "Sicilian defense"]
[ECO "B40"]
[NIC "SI.43"]
[Time "19:32:32"]
[PlyCount "81"]
[TimeControl "2700+10"]

1. e4 c5 2. Nf3 e6 3. Nc3 Nc6 4. Bb5 a6 5. Bxc6 bxc6 6. d3 Be7 7. Be3 d5 8.
exd5 cxd5 9. d4 cxd4 10. Nxd4 e5 11. Nc6 Qd6 12. Nxe7 Nxe7 13. Bg5 f6 14.
Bd2 Bb7 15. O-O d4 16. Ne2 Qd5 17. f3 O-O 18. Bb4 Rfe8 19. c3 Nc6 20. Ba3
d3 21. Ng3 Na5 22. Nf5 Qd7 23. Nd6 Red8 24. Qxd3 Bc6 25. Rfd1 Nb7 26. Qc4+
Kh8 27. Nf7+ Kg8 28. Rxd7 Rxd7 29. Nh6+ Kh8 30. Qxc6 Rad8 31. Ng4 Rd1+ 32.
Rxd1 Rxd1+ 33. Kf2 Rd2+ 34. Kg3 Rd8 35. Qxb7 f5 36. Nxe5 f4+ 37. Kxf4 g5+
38. Kxg5 h6+ 39. Kxh6 Rd6+ 40. Bxd6 Kg8 41. Qg7# { Black checkmated } 1-0

[Event "ICC tourney 2289 (45 10)"]
[Site "Internet Chess Club"]
[Date "2021.01.09"]
[Round "4"]
[White "cadenhkim"]
[Black "YoungPony"]
[Result "0-1"]
[ICCResult "White resigns"]
[WhiteElo "1158"]
[BlackElo "997"]
[Opening "Sicilian: Canal-Sokolsky (Nimzovich-Rossolimo, Moscow) attack"]
[ECO "B51"]
[NIC "SI.01"]
[Time "19:32:25"]
[PlyCount "127"]
[TimeControl "2700+10"]

1. e4 c5 2. Nf3 d6 3. Bb5+ Nd7 4. Bc4 Ngf6 5. Nc3 g6 6. d3 Bg7 7. O-O O-O
8. Re1 b6 9. h3 Bb7 10. Rb1 Nb8 11. e5 dxe5 12. Nxe5 Nc6 13. Nxc6 Bxc6 14.
b4 Nd7 15. Qd2 Rb8 16. bxc5 bxc5 17. Rxb8 Qxb8 18. Nd5 Bxd5 19. Bxd5 e6 20.
Bb3 Rd8 21. c4 Ne5 22. Bc2 Nxc4 23. Qf4 Qxf4 24. Bxf4 Nd6 25. Rb1 e5 26.
Be3 Rc8 27. Bd1 c4 28. dxc4 Nxc4 29. Rc1 Bf8 30. Bb3 Nb6 31. Rxc8 Nxc8 32.
a4 Nb6 33. a5 Nc8 34. a6 Bd6 35. g4 Bb8 36. Kg2 Kf8 37. Kf3 Ke7 38. Ke4 Kd6
39. f4 f6 40. h4 Kc6 41. f5 Kb5 42. Bg8 gxf5+ 43. gxf5 h5 44. Bh7 Kxa6 45.
Kd5 Kb5 46. Ke6 a5 47. Kxf6 a4 48. Bg6 a3 49. Bf7 Kb4 50. Kg5 Nd6 51. Be6
Nc4 52. Bxc4 Kxc4 53. Bc1 a2 54. Bb2 Kb3 55. Ba1 e4 56. f6 e3 57. f7 Bd6
58. Kxh5 e2 59. Kg6 e1=Q 60. Kg7 Qxa1+ 61. Kg8 Qf1 62. h5 a1=Q 63. h6 Qa8+
64. Kh7 { White resigns } 0-1

[Event "ICC tourney 2289 (45 10)"]
[Site "Internet Chess Club"]
[Date "2021.01.09"]
[Round "4"]
[White "tarunsankar"]
[Black "aWildNateDawg"]
[Result "0-1"]
[ICCResult "White checkmated"]
[WhiteElo "861"]
[BlackElo "1109"]
[Opening "Scotch game"]
[ECO "C45"]
[NIC "SO.04"]
[Time "19:32:24"]
[PlyCount "92"]
[TimeControl "2700+10"]

1. e4 e5 2. Nf3 Nc6 3. d4 exd4 4. Nxd4 Nxd4 5. Qxd4 d6 6. Bc4 Nf6 7. Bg5
Be7 8. Nc3 O-O 9. O-O Be6 10. Bb3 Bxb3 11. axb3 a6 12. Rfe1 Nd7 13. Bxe7
Qxe7 14. Nd5 Qd8 15. Re3 f6 16. Rg3 Kh8 17. Nf4 Qe8 18. Rh3 Ne5 19. Qd5 Qc6
20. Qxc6 bxc6 21. Re1 Rfe8 22. Ree3 Kg8 23. Reg3 Ng6 24. Nxg6 hxg6 25. Rxg6
Rxe4 26. f3 Re7 27. Rg4 Rae8 28. Rgh4 Re1+ 29. Kf2 R8e2+ 30. Kg3 Rxc2 31.
Kg4 Rxb2 32. Kf5 Re5+ 33. Kf4 g5+ 34. Kg3 gxh4+ 35. Rxh4 Rxb3 36. Rh6 Kg7
37. Rh4 a5 38. h3 Rb4 39. Rg4+ Rxg4+ 40. Kxg4 a4 41. f4 Rc5 42. h4 a3 43.
h5 a2 44. Kh4 a1=Q 45. g3 Qh1+ 46. Kg4 Qxh5# { White checkmated } 0-1

[Event "ICC tourney 2289 (45 10)"]
[Site "Internet Chess Club"]
[Date "2021.01.09"]
[Round "4"]
[White "kookiefalcon"]
[Black "SGOLD9367"]
[Result "1-0"]
[ICCResult "Black resigns"]
[WhiteElo "871"]
[BlackElo "1210"]
[Opening "Sicilian: Canal-Sokolsky (Nimzovich-Rossolimo, Moscow) attack"]
[ECO "B51"]
[NIC "SI.01"]
[Time "19:32:27"]
[PlyCount "139"]
[TimeControl "2700+10"]

1. e4 c5 2. Nf3 d6 3. Bb5+ Nd7 4. O-O a6 5. Be2 Ngf6 6. Nc3 e6 7. d4 cxd4
8. Nxd4 Be7 9. Be3 Qc7 10. Re1 b6 11. a3 Bb7 12. f3 O-O 13. Qd2 Rfc8 14.
Rad1 Ne5 15. Bf2 Nc4 16. Bxc4 Qxc4 17. Bg3 Nh5 18. Bf2 Rc7 19. Nb3 Qc6 20.
Qe3 Bf6 21. Qxb6 Bxc3 22. bxc3 Qxb6 23. Bxb6 Rxc3 24. Rxd6 Rxc2 25. Nc5
Bxe4 26. Nxe4 Nf4 27. Red1 Nd5 28. Rd8+ Rxd8 29. Bxd8 Ra2 30. Be7 h6 31.
Bb4 Kh7 32. Nc5 Ne3 33. Rd2 Ra1+ 34. Kf2 Nc4 35. Re2 a5 36. Nb3 Rb1 37.
Nxa5 Nb2 38. Kg3 Nd3 39. h4 Nxb4 40. axb4 Rxb4 41. Nc6 Rb5 42. Ne5 f6 43.
Ng4 e5 44. Nf2 Kg6 45. Nh3 f5 46. Nf2 Rd5 47. Nh3 Kf6 48. Ra2 Rd6 49. Ra3
Re6 50. h5 Rd6 51. Kh4 Rd4+ 52. g4 fxg4 53. fxg4 e4 54. Re3 Ke5 55. g5 Rd3
56. Re2 e3 57. g6 Kd4 58. Kg4 Rd2 59. Rxd2+ exd2 60. Nf2 Ke3 61. Kg3 Ke2
62. Kg2 d1=Q 63. Nxd1 Kxd1 64. Kf3 Ke1 65. Kf4 Kf2 66. Ke5 Kg3 67. Ke6 Kh4
68. Kf7 Kxh5 69. Kxg7 Kg5 70. Kh7 { Black resigns } 1-0

[Event "ICC tourney 2289 (45 10)"]
[Site "Internet Chess Club"]
[Date "2021.01.09"]
[Round "5"]
[White "srijanim"]
[Black "Harithaananth"]
[Result "1-0"]
[ICCResult "Black checkmated"]
[WhiteElo "611"]
[BlackElo "1087"]
[Opening "King's pawn game"]
[ECO "C50"]
[NIC "IG.03"]
[Time "22:00:40"]
[PlyCount "149"]
[TimeControl "2700+10"]

1. e4 e5 2. Nf3 Nc6 3. Bc4 Nd4 4. Nxe5 Qg5 5. Ng4 d5 6. c3 Bxg4 7. d3 Bxd1
8. Bxg5 Nc2+ 9. Kxd1 Nxa1 10. Bxd5 c6 11. Bc4 h6 12. Bc1 Be7 13. b3 Nf6 14.
Bb2 Ng4 15. Rf1 Nxh2 16. Re1 Nxb3 17. Bxb3 Ng4 18. f3 Nf6 19. Nd2 O-O 20.
Nc4 Nd7 21. Na5 Rab8 22. d4 b6 23. Nxc6 Rbe8 24. Nxa7 Bg5 25. Nc6 Kh8 26.
Ba3 Bh4 27. Rh1 Bf6 28. Bxf8 Rxf8 29. e5 Bg5 30. g3 Rc8 31. Ba4 Bd8 32.
Nxd8 Rxd8 33. g4 Kg8 34. Bb3 Nf8 35. f4 Rc8 36. Kc2 b5 37. g5 hxg5 38. fxg5
b4 39. c4 Rd8 40. Kd3 Nh7 41. c5 Nxg5 42. Rh5 Ne6 43. Bxe6 fxe6 44. Rh1 Ra8
45. c6 Rxa2 46. Rc1 Ra3+ 47. Ke4 Ra8 48. c7 Rc8 49. d5 exd5+ 50. Kxd5 b3
51. Kd6 b2 52. Rb1 g5 53. Kd7 Rf8 54. c8=Q Rxc8 55. Kxc8 Kf7 56. Rxb2 Ke6
57. Re2 g4 58. Kc7 g3 59. Kc6 g2 60. Rxg2 Kxe5 61. Rd2 Ke4 62. Rd5 Ke3 63.
Kc5 Ke4 64. Kc4 Ke3 65. Rd4 Kf3 66. Kd3 Kf2 67. Re4 Kf3 68. Kd4 Kg3 69. Ke3
Kg2 70. Rf4 Kg3 71. Ke4 Kh3 72. Kf3 Kh2 73. Kf2 Kh3 74. Ra4 Kh2 75. Rh4# {
Black checkmated } 1-0

[Event "ICC tourney 2289 (45 10)"]
[Site "Internet Chess Club"]
[Date "2021.01.09"]
[Round "5"]
[White "EthanDember"]
[Black "Fuydestroyer"]
[Result "1-0"]
[ICCResult "Black checkmated"]
[WhiteElo "1030"]
[BlackElo "129"]
[Opening "Sicilian: dragon, 6.Be3"]
[ECO "B72"]
[NIC "SI.16"]
[Time "22:00:34"]
[PlyCount "73"]
[TimeControl "2700+10"]

1. e4 c5 2. Nf3 d6 3. d4 cxd4 4. Nxd4 Nf6 5. Nc3 g6 6. Be3 Bg7 7. Qd2 O-O
8. Bh6 Nc6 9. Bxg7 Kxg7 10. O-O-O Bd7 11. f3 Rc8 12. Kb1 a6 13. h4 h6 14.
g4 Rh8 15. Be2 Ng8 16. Nxc6 bxc6 17. Qd4+ f6 18. Bxa6 Rb8 19. f4 Bxg4 20.
Rdg1 Be6 21. Bd3 c5 22. Qe3 Qb6 23. b3 Kf7 24. f5 gxf5 25. exf5 Bc8 26. Qg3
Ke8 27. Qg7 Bb7 28. Qxh8 Kd7 29. Bb5+ Kc7 30. Nd5+ Bxd5 31. c4 Bxh1 32.
Rxh1 e5 33. fxe6 Ne7 34. Qg7 Kd8 35. Qf8+ Kc7 36. Qxe7+ Kc8 37. Qd7# {
Black checkmated } 1-0

[Event "ICC tourney 2289 (45 10)"]
[Site "Internet Chess Club"]
[Date "2021.01.09"]
[Round "5"]
[White "VN10"]
[Black "Sreshthaj"]
[Result "0-1"]
[ICCResult "White checkmated"]
[WhiteElo "948"]
[BlackElo "1110"]
[Opening "Sicilian: Canal-Sokolsky attack, 3...Bd7"]
[ECO "B52"]
[NIC "SI.01"]
[Time "22:01:29"]
[PlyCount "130"]
[TimeControl "2700+10"]

1. e4 c5 2. Nf3 d6 3. Bb5+ Bd7 4. Bxd7+ Nxd7 5. O-O Ngf6 6. Nc3 e6 7. d3
Be7 8. Be3 O-O 9. d4 cxd4 10. Bxd4 Nb6 11. e5 dxe5 12. Bxe5 Qc8 13. Qd4 Rd8
14. Qh4 Nfd5 15. Qg4 Nf6 16. Qf4 Qc5 17. Bd4 Qc6 18. Bxf6 Bxf6 19. Ne4 Bxb2
20. Rab1 e5 21. Nxe5 Bxe5 22. Qxe5 Re8 23. Qg3 Qxe4 24. f3 Qxc2 25. Rbc1
Qxa2 26. Rc7 Qd5 27. Rfc1 Rab8 28. R7c5 Qd4+ 29. Kh1 Rbd8 30. h3 a5 31. Qc7
Qb4 32. Rf5 Rf8 33. Rf4 Qb2 34. Rxf7 Rxf7 35. Qxd8+ Rf8 36. Qd1 h6 37. Rc7
a4 38. Qe1 a3 39. Qe6+ Kh8 40. Rxb7 a2 41. Rxb6 a1=Q+ 42. Kh2 Qe5+ 43. Qxe5
Qxe5+ 44. Kh1 Rd8 45. Rb1 Qg3 46. Rg1 Rd5 47. f4 Rh5 48. Rf1 Qd3 49. Ra1
Qd4 50. Ra8+ Kh7 51. Re8 Qxf4 52. Re1 Qg3 53. Rf1 Re5 54. Kg1 Re1 55. Rxe1
Qxe1+ 56. Kh2 g5 57. h4 Qxh4+ 58. Kg1 g4 59. g3 Qxg3+ 60. Kh1 Qf4 61. Kg2
h5 62. Kg1 Qd2 63. Kh1 Qe2 64. Kg1 g3 65. Kh1 Qh2# { White checkmated } 0-1